 Dungeon Crawl Stone Soup version 0.20.1 (webtiles) character file.

236 VajrapaniSR the Ruffian (level 5, -6/50 HPs)
             Began as a Troll Monk on July 2, 2017.
             Mangled by an ogre
             ... wielding a +0 giant club
              (21 damage)
             ... on level 5 of the Dungeon.
             The game lasted 00:04:27 (719 turns).

VajrapaniSR the Ruffian (Troll Monk)                 Turns: 719, Time: 00:04:28

Health: -6/50      AC:  5    Str: 19    XL:     5   Next: 77%
Magic:  4/4        EV: 10    Int:  6    God:
Gold:   49         SH:  0    Dex: 13    Spells: 4/4 levels left

rFire    . . .     SeeInvis .     - Unarmed
rCold    . . .     Gourm    +   (no shield)
rNeg     . . .     Faith    .   a - +0 robe
rPois    .         Spirit   .   (helmet restricted)
rElec    .         Reflect  .   f - scarf {cloud immunity}
rCorr    .         Harm     .   (gloves unavailable)
MR       .....                  (boots unavailable)
Stlth    ++........             (no amulet)
Regen    0.6/turn               (no ring)
MPRegen  0.1/turn               (no ring)

@: no status effects
A: unfitting armour, claws 3, fast metabolism 3, gourmand, regeneration 1,
shaggy fur 1, tough skin 2
a: no special abilities


You were on level 5 of the Dungeon.
You were not hungry.

You visited 1 branch of the dungeon, and saw 7 of its levels.

You collected 49 gold pieces.

Inventory:

Armour
 a - a +0 robe (worn)
 f - a scarf of cloud immunity (worn)
Scrolls
 k - 2 scrolls of remove curse {unknown}
Potions
 e - 2 potions of agility
 h - a potion of curing {unknown}
 l - a potion of mutation {unknown}
Books
 i - a book of Frost

   Spells                             Type                      Level
   a - Freeze                         Ice                          1
   b - Throw Frost                    Conjuration/Ice              2
   c - Ozocubu's Armour               Charms/Ice                   3
   d - Throw Icicle                   Conjuration/Ice              4
   e - Summon Ice Beast               Ice/Summoning                4
Comestibles
 b - 4 bread rations
 c - 3 fruits
 d - a meat ration


   Skills:
 - Level 2.4 Fighting
 - Level 2.4 Dodging
 - Level 1.0 Stealth
 + Level 6.6 Unarmed Combat


You had 4 spell levels left.
You didn't know any spells.

Dungeon Overview and Level Annotations

Branches:
Dungeon (7/15)
 Temple: D:4-7

Altars:
Qazlal
Ru


Innate Abilities, Weirdness & Mutations

You are too large for most types of armour.
You have claws for hands.
Your metabolism is lightning-fast.
You like to eat raw meat.
Your natural rate of healing is unusually fast.
You are covered in fur. (AC +1)
You have very tough skin. (AC +2)


Message History

d - a meat ration You see here a club.
There isn't anything to butcher here.
Eat a chunk of flesh? (ye/n/q)
You eat the chunk of flesh.
This raw flesh tastes great.
Found a royal jelly.
An ogre comes into view. It is wielding a giant club.
The ogre shouts!
The ogre barely misses you.
You claw the ogre! You scratch the ogre. The ogre hits you with a giant club!
* * * LOW HITPOINT WARNING * * *
You take 12 damage, and have 25/50 hp.
MASSIVE DAMAGE!!
You scratch the ogre but do no damage. The ogre hits you with a giant club!
* * * LOW HITPOINT WARNING * * *
You take 11 damage, and have 14/50 hp.
MASSIVE DAMAGE!!
Unknown command.
You scratch the ogre but do no damage. You scratch the ogre.
The ogre hits you with a giant club!!
You die...

,,,,*,***,,,,,,,,,,,,,,,,,,,,,,,,
,,8,*,,,,,......,,*.#,*,*,*,*,*,*
,,,*****........,,#.,,,,,,,,,,,,,
,*** *........,,.#,*,#,*,*,#.#.
,,** **#.......,#......,,,,.....
,,,****,........,.#.#.#,*,#.#.#.#
,,,**,,,*#......#.%.....,........
,,,,,,****#....#O#.#.#.#.#.#.#.#.
,,,,*** *#...#@................
,,,,* **#..#.#.#.#.#.#.#.#.#
,,,,* #................... **,,**
##..#.#.#.#.#.#.#.#. **,,**
###................ **,,**
#.#.#.#.#.#.#.#.# * **,,**
##).............. ** **,,*
#..#.#.#.#.#.#.#. ,* **,**
##.#..............


You could see an ogre.

Vanquished Creatures
  2 hounds (D:4)
  An iguana (D:4)
  2 orc wizards
  A hound skeleton (D:5)
  3 gnolls (D:5)
  3 adders
  2 worms
  7 orcs
  3 goblins (D:3)
  2 hobgoblins
  2 jackals (D:4)
  2 kobolds
  A quokka (D:5)
  2 bats
33 creatures vanquished.

Notes
Turn   | Place    | Note
-------+----------+-------------------------------------------
     0 | D:1      | VajrapaniSR the Troll Monk began the quest for the Orb.
     0 | D:1      | Reached XP level 1. HP: 22/22 MP: 0/0
    90 | D:2      | Reached XP level 2. HP: 19/29 MP: 1/1
   165 | D:3      | Found a sacrificial altar of Ru.
   220 | D:3      | Found a stormy altar of Qazlal.
   256 | D:3      | Reached skill level 4 in Unarmed Combat
   323 | D:4      | Reached XP level 3. HP: 29/36 MP: 2/2
   368 | D:4      | Reached skill level 5 in Unarmed Combat
   368 | D:4      | Reached XP level 4. HP: 33/44 MP: 3/3
   442 | D:4      | Reached XP level 5. HP: 36/50 MP: 4/4
   466 | D:5      | Entered Level 5 of the Dungeon
   643 | D:5      | Reached skill level 6 in Unarmed Combat
   712 | D:5      | Noticed an ogre
   719 | D:5      | Mangled by an ogre

Skill      XL: |  1  2  3  4  5 |
---------------+----------------+-----
Unarmed Combat | 4 5 6 |  6.6
Fighting       | |  2.4
Dodging        | |  2.4
Stealth        | |  1.0

Action                   |  1- 3 |  4- 6 || total
-------------------------+-------+-------++-------
Melee: Unarmed           |    61 |    57 ||   118
       Punch             |       |     1 ||     1
  Use: Scroll            |       |     6 ||     6
 Stab: Sleeping          |     1 |       ||     1
  Eat: Chunk             |       |     4 ||     4
Armor: Robe              |    24 |     8 ||    32
Dodge: Dodged            |    33 |    26 ||    59
